 Dungeon Sprint DCSS version 0.27-a0-1287-gca74d27db6 (webtiles) character file.

Game seed: 10293884257332861353

1270 mhtbhm the Basher (level 8, 0/97 HPs)
             Began as an Octopode Berserker on June 14, 2021.
             Was an Elder of Trog.
             Slain by Sonja (6 damage)
             ... in the Dungeon (Sprint I: "Red Sonja").
             The game lasted 00:01:21 (647 turns).

mhtbhm the Basher (Octopode Berserker)               Turns: 647, Time: 00:01:22

Health: 0/97       AC:  1    Str: 19    XL:     8   Next: 53%
Magic:  8/8        EV: 16    Int:  9    God:    Trog [****..]
Gold:   405        SH:  0    Dex: 11    Spells: 7/7 levels left

rFire    . . .     SeeInvis .   a - +0 mace
rCold    . . .     Faith    .   (no shield)
rNeg     . . .     Spirit   .   (helmet restricted)
rPois    .         Reflect  .   (no amulet)
rElec    .         Harm     .   (no ring)
rCorr    .         Rampage  .   (no ring)
Will     .....     NoTele   +   (no ring)
Stlth    ..........             (no ring)
HPRegen  0.26/turn              (no ring)
MPRegen  0.11/turn              (no ring)
                                (no ring)
                                (no ring)

@: berserking, very quick
A: almost no armour, amphibious, 8 rings, camouflage 1, gelatinous body 1,
(nimble swimmer 1), tentacles
a: Renounce Religion, Berserk, Trog's Hand, Brothers in Arms


You were in the Dungeon.
You worshipped Trog.
Trog was greatly pleased with you.
You visited 1 branch You collected 405 gold pieces.

Inventory:

Hand Weapons
 a - a +0 mace (weapon)
Scrolls
 g - a scroll of blinking
 h - a scroll of fog {unknown}
 i - a scroll of summoning {unknown}
Potions
 b - a potion of curing
 c - a potion of heal wounds
 d - a potion of haste
 e - 2 potions of magic
 f - a potion of berserk rage


   Skills:
 + Level 10.4 Fighting
 + Level 11.0 Maces & Flails
 + Level 10.2 Dodging
 + Level 8.1 Stealth


You had 7 spell levels left.
You didn't know any spells.
Your spell library was empty.

Dungeon Overview and Level Annotations

Branches:
Dungeon (1/1)

Altars:
Cheibriados
Dithmenos
Elyvilon
Fedhas
Gozag
Hepliaklqana
Kikubaaqudgha
Makhleb
Nemelex Xobeh
Okawaru
Qazlal
Ru
Sif Muna
Trog
Uskayaw
Vehumet
Wu Jian
Xom
Yredelemnul
Zin
The Shining One
Jiyva
Lugonu

Shops:
D [

Annotations:
D Sonja


Innate Abilities, Weirdness & Mutations

You cannot wear most types of armour.
You are amphibious.
You can wear up to eight rings at the same time.
Your skin changes colour to match your surroundings (Stealth+).
Your rubbery body absorbs attacks. (AC +1, EV +1)
((You are camouflaged near water. (Stealth+)))
You have tentacles for arms and can constrict up to eight enemies at once.


Message History

There is a shimmering blue altar of Sif Muna here.
You open the door.
Sonja, the Graceful Assassin comes into view.
She is wielding a +2 dagger of distortion and quivering curare-tipped darts.
Found 108 gold pieces.
There is an open door here.
Sonja shouts!
Sonja barely misses you. x2
Sonja hits you with a +2 dagger of distortion.
Space warps horribly around you!!
Unknown command.
A red film seems to cover your vision as you go berserk!
You feel yourself moving faster!
You feel mighty! Sonja hits you but does no damage.
Sonja hits you with a +2 dagger of distortion.
Sonja misses you.
Sonja hits you with a +2 dagger of distortion.
Space warps horribly around you!
Sonja hits you with a +2 dagger of distortion.
Space warps horribly around you!
Sonja hits you with a +2 dagger of distortion!
* * * LOW HITPOINT WARNING * * *
Space bends around you.
* * * LOW HITPOINT WARNING * * *
You sock Sonja! Your grab misses Sonja. Your squeeze misses Sonja.
Sonja is moderately wounded.
Sonja closely misses you. Sonja barely misses you.
Sonja hits you with a +2 dagger of distortion.
* * * LOW HITPOINT WARNING * * *
Space bends around you.
* * * LOW HITPOINT WARNING * * *
You sock Sonja! Your grab misses Sonja. Your squeeze misses Sonja.
Sonja is severely wounded.
You completely miss Sonja. Your grab misses Sonja.
Sonja is severely wounded.
Sonja hits you with a +2 dagger of distortion.
* * * LOW HITPOINT WARNING * * *
Space bends around you.
* * * LOW HITPOINT WARNING * * *
Sonja hits you with a +2 dagger of distortion.
You die...

#..#####'#####'#__####...+
#..####..#...#.#### #####
#..#__####..##.#
#..#_____##'#_.+
#⌠⌠#_.∩...'..._#
####_..__##_.#'#
#_____###'#)#
#########.###


+$@$+ #$K$# ##.## #+# You could see Sonja.

Vanquished Creatures
  2 kobold demonologists (D)
  A slime creature (D)
  Sigmund (D)
  A yak (D)
  A floating eye (D)
  An ogre (D)
  A jelly (D)
  Ijyb (D)
9 creatures vanquished.

Vanquished Creatures (others)
  2 hornets (D)
2 creatures vanquished.

Grand Total: 11 creatures vanquished

Notes
Turn   | Place    | Note
-------+----------+-------------------------------------------
     0 | D        | mhtbhm the Octopode Berserker began the quest for the Orb.
     0 | D        | Reached XP level 1. HP: 16/16 MP: 1/1
     1 | D        | Noticed Ijyb
     9 | D        | Killed Ijyb
    10 | D        | Reached skill level 4 in Maces & Flails
    10 | D        | Reached XP level 2. HP: 22/23 MP: 2/2
    10 | D        | Reached XP level 3. HP: 26/27 MP: 3/3
   105 | D        | Noticed an ogre
   112 | D        | Killed an ogre
   113 | D        | Reached skill level 6 in Maces & Flails
   113 | D        | Reached skill level 5 in Dodging
   113 | D        | Reached skill level 1 in Stealth
   113 | D        | Reached XP level 4. HP: 36/36 MP: 4/4
   166 | D        | Noticed Sigmund
   171 | D        | Killed Sigmund
   171 | D        | Reached ** piety under Trog
   172 | D        | Reached skill level 7 in Maces & Flails
   172 | D        | Reached XP level 5. HP: 44/44 MP: 5/5
   172 | D        | Reached XP level 6. HP: 50/50 MP: 6/6
   318 | D        | Found an ornate altar of the Wu Jian Council.
   318 | D        | Found a shimmering blue altar of Sif Muna.
   320 | D        | Found a radiant altar of Vehumet.
   362 | D        | Found Zalacw's Antique Armour Emporium.
   362 | D        | Found an ancient bone altar of Kikubaaqudgha.
   362 | D        | Found a hazy altar of Hepliaklqana.
   362 | D        | Found a stormy altar of Qazlal.
   362 | D        | Found a hide-covered altar of Uskayaw.
   362 | D        | Found a blossoming altar of Fedhas.
   362 | D        | Found a bloodstained altar of Trog.
   362 | D        | Found an iron altar of Okawaru.
   362 | D        | Found a basalt altar of Yredelemnul.
   362 | D        | Found a glowing golden altar of the Shining One.
   362 | D        | Found a snail-covered altar of Cheibriados.
   362 | D        | Found a sacrificial altar of Ru.
   362 | D        | Found a glowing silver altar of Zin.
   362 | D        | Found a shadowy altar of Dithmenos.
   362 | D        | Found a white marble altar of Elyvilon.
   362 | D        | Noticed a yak
   371 | D        | Killed a yak
   372 | D        | Reached skill level 8 in Maces & Flails
   372 | D        | Reached skill level 5 in Stealth
   372 | D        | Reached XP level 7. HP: 56/56 MP: 7/7
   372 | D        | Found an opulent altar of Gozag.
   373 | D        | Found a sparkling altar of Nemelex Xobeh.
   447 | D        | Found a burning altar of Makhleb.
   447 | D        | Found a viscous altar of Jiyva.
   447 | D        | Found a shimmering altar of Xom.
   447 | D        | Found a corrupted altar of Lugonu.
   447 | D        | Noticed a slime creature
   454 | D        | Killed a slime creature
   454 | D        | Reached *** piety under Trog
   455 | D        | Reached skill level 9 in Maces & Flails
   523 | D        | Noticed a kobold demonologist
   524 | D        | Noticed a kobold demonologist
   531 | D        | Noticed an orange demon
   531 | D        | Killed a hornet
   533 | D        | Killed a kobold demonologist
   534 | D        | Reached skill level 10 in Fighting
   534 | D        | Reached skill level 10 in Maces & Flails
   534 | D        | Reached XP level 8. HP: 64/64 MP: 8/8
   536 | D        | Killed a kobold demonologist
   536 | D        | Reached **** piety under Trog
   537 | D        | Reached skill level 11 in Maces & Flails
   537 | D        | Reached skill level 10 in Dodging
   542 | D        | Killed a hornet
   640 | D        | Noticed Sonja
   647 | D        | Slain by Sonja

Illustrated notes

Levels and vault maps discovered:
D:        dungeon_sprint_1 [red_sonja_temple_1, red_sonja_temple_small_1]

Skill      XL: |  1  2  3  4  5  6  7  8 |
---------------+-------------------------+-----
Fighting       | 4 6 7 8 10 | 10.4
Maces & Flails | 4 6 7 8 10 11 | 11.0
Dodging        | 4 5 7 8 9 10 | 10.2
Stealth        | 1 3 5 7 8 |  8.1

Action                   |  1- 3 |  4- 6 |  7- 9 || total
-------------------------+-------+-------+-------++-------
Melee: Mace              |     8 |    12 |    18 ||    38
       Constrict         |     1 |     1 |     2 ||     4
       Tentacles         |     2 |     3 |     2 ||     7
Invok: Berserk           |     2 |     2 |     3 ||     7
 Stab: Sleeping          |     1 |     2 |       ||     3
Armor: Skin              |       |       |     1 ||     1
Dodge: Dodged            |     3 |     6 |    15 ||    24

Table legend: (Time is in decaauts)
 A = Elapsed time spent in this place.
 B = Non-inter-level travel time spent in this place.
 C = Inter-level travel time spent in this place.
 D = Time resting spent in this place.
 E = Time spent auto-exploring this place.
 F = Levels seen in this place.
 G = Mean time per level.
                   A        B        C        D        E       F      G
               +--------+--------+--------+--------+--------+-----+--------+
         Total |    710 |    710 |      0 |    507 |      1 |   1 |  710.0 |
       Dungeon |    710 |    710 |      0 |    507 |      1 |   1 |  710.0 |
               +--------+--------+--------+--------+--------+-----+--------+

Top non-repeatable levels by time:
       D: 710 daAuts
